 Dungeon Crawl Stone Soup version 0.28-a0-655-g4eb62b627b (webtiles) character file.

Game seed: 14704279125053143526

19 cheechan the Ducker (level 2, -5/21 HPs)
             Began as an Octopode Fighter on Oct 12, 2021.
             Slain by Terence (11 damage)
             ... on level 2 of the Dungeon.
             The game lasted 00:02:24 (785 turns).

cheechan the Ducker (Octopode Fighter)               Turns: 785, Time: 00:02:24

Health: -5/21      AC:  1    Str: 15    XL:     2   Next: 75%
Magic:  2/2        EV: 13    Int: 10    God:
Gold:   74         SH:  4    Dex: 11    Spells: 1/1 levels left

rFire   . . .      SeeInvis .   a - +0 rapier
rCold   . . .      Faith    .   b - +0 buckler
rNeg    . . .      Spirit   .   (helmet restricted)
rPois   .          Reflect  .   (no amulet)
rElec   .          Harm     .   (no ring)
rCorr   .          Rampage  .   (no ring)
Will    .....                   (no ring)
Stlth   +++.......              (no ring)
HPRegen 0.07/turn               (no ring)
MPRegen 0.08/turn               (no ring)
                                (no ring)
                                (no ring)

@: no status effects
A: almost no armour, amphibious, 8 rings, camouflage 1, gelatinous body 1,
(nimble swimmer 1), tentacles
a: no special abilities


You were on level 2 of the Dungeon.
You visited 1 branch of the dungeon, and saw 2 of its levels.

You collected 74 gold pieces.

Inventory:

Hand Weapons
 a - a +0 rapier (weapon)
Missiles
 d - 17 bolts
 e - 19 arrows
 f - 70 stones (quivered)
 i - 21 sling bullets
Armour
 b - a +0 buckler (worn)
Potions
 c - 2 potions of might
 g - a potion of cancellation {unknown}
 h - 2 potions of berserk rage
 j - a potion of resistance {unknown}


   Skills:
 + Level 3.1 Fighting
 + Level 2.1 Short Blades
 + Level 3.2 Dodging
 * Level 1.3 Stealth
 + Level 3.2 Shields


You had one spell level left.
You didn't know any spells.
Your spell library contained the following spells:

 Spells                   Type           Power      Damage    Failure   Level
 Corpse Rot               Necr/Air       N/A        N/A       54%         2
 Poisonous Vapours        Pois/Air       0%         N/A       54%         2


Dungeon Overview and Level Annotations

Branches:
Dungeon (2/15)

Altars:

Annotations:
D:2 Terence


Innate Abilities, Weirdness & Mutations

You cannot wear most types of armour.
You are amphibious.
You can wear up to eight rings at the same time.
Your skin changes colour to match your surroundings (Stealth+).
Your rubbery body absorbs attacks. (AC +1, EV +1)
((You are camouflaged near water. (Stealth+)))
You have tentacles for arms and can constrict up to eight enemies at once.


Message History

You kill the hobgoblin!
You open the door.
There is an open door here.
You open the door.
There is an open door here.
You open the door.
There is an open door here.
There is a stone staircase leading down here.
You climb downwards.
Found a purple potion.
There is a stone staircase leading up here.
Found a scale mail and a scroll labelled IMNUXZ ATWAA.
j - a purple potion A dart slug comes into view.
You see here a +0 scale mail.
You see here a scroll labelled IMNUXZ ATWAA.
k - a scroll labelled IMNUXZ ATWAA The dart slug launches a dart at you.
The slug dart hits you. The dart slug launches a dart at you.
The slug dart misses you.
You puncture the dart slug! You grab the dart slug. You squeeze the dart slug.
You kill the dart slug!
You see here a dart slug corpse.
As you read the scroll labelled IMNUXZ ATWAA, it crumbles to dust.
It is a scroll of identify.
h - 2 potions of berserk rage
Found a scroll labelled AMEFAMNUXTA.
Terence the Incautious comes into view.
He is wielding a +0 flail.
Terence shouts!
Terence hits you with a +0 flail!
Ouch! That really hurt!
* * * LOW HITPOINT WARNING * * *
You closely miss Terence. You grab Terence. You constrict Terence.
You block Terence's attack.
You hit Terence but do no damage.
Terence is lightly wounded.
You constrict Terence. Terence hits you with a +0 flail!
Ouch! That really hurt!
You die...

### ##.. .#
..# .#
#@###.### .#
#@....... .#
#.###.### .#
#.# .# #.#
#####.# #.#
#...<.# #.#
#.##### #.#
#[# #.# # #.#
# #.#
#.####.####...


You could see Terence.

Vanquished Creatures
  2 dart slugs
  A ball python (D:1)
  3 endoplasms (D:1)
  2 hobgoblins (D:1)
  3 jackals (D:1)
  2 rats (D:1)
13 creatures vanquished.

Notes
Turn   | Place    | Note
-------+----------+-------------------------------------------
     0 | D:1      | cheechan the Octopode Fighter began the quest for the Orb.
     0 | D:1      | Reached XP level 1. HP: 16/16 MP: 1/1
   171 | D:1      | Reached XP level 2. HP: 12/21 MP: 2/2
   172 | D:1      | Reached skill level 1 in Stealth
   779 | D:2      | Noticed Terence
   785 | D:2      | Slain by Terence

Illustrated notes

Levels and vault maps discovered:
D:1:      doesnt_arrival_eight_statues, layout_basic
D:2:      layout_loops_ring, hangedman_decor_points, uniq_terence

Skill      XL: |  1  2 |
---------------+-------+-----
Stealth        | 1 |  1.3
Fighting       | |  3.1
Short Blades   | |  2.1
Dodging        | |  3.2
Shields        | |  3.2

Action                   || total
-------------------------++-------
Melee: Rapier            ||    24
       Constrict         ||     6
       Tentacles         ||     4
  Use: Scroll            ||     1
Dodge: Dodged            ||    12
Block: Buckler           ||     3

Table legend: (Time is in decaauts)
 A = Elapsed time spent in this place.
 B = Non-inter-level travel time spent in this place.
 C = Inter-level travel time spent in this place.
 D = Time resting spent in this place.
 E = Time spent auto-exploring this place.
 F = Levels seen in this place.
 G = Mean time per level.
                   A        B        C        D        E       F      G
               +--------+--------+--------+--------+--------+-----+--------+
         Total |    787 |    787 |      0 |    117 |      0 |   2 |  393.5 |
       Dungeon |    787 |    787 |      0 |    117 |      0 |   2 |  393.5 |
               +--------+--------+--------+--------+--------+-----+--------+

Top non-repeatable levels by time:
     D:1: 749 daAuts
     D:2: 37 daAuts
